 Dungeon Crawl Stone Soup version 0.19-a0-1855-gb7442ac (webtiles) character file.

110 Goblin1989 the Cudgeler (level 4, 0/23 HPs)
             Began as a Vine Stalker Fighter on Oct 11, 2016.
             Succumbed to an adder's poison
             ... on level 2 of the Dungeon.
             The game lasted 00:05:18 (784 turns).

Goblin1989 the Cudgeler (Vine Stalker Fighter)       Turns: 784, Time: 00:05:19

Health: 0/23       AC:  6    Str: 20    XL:     4   Next: 91%
Magic:  2/5        EV:  7    Int:  8    God:
Gold:   29         SH:  9    Dex: 13    Spells: 0 memorised, 3 levels left

rFire  . . .     SeeInvis .     a - +0 flail
rCold  . . .     Gourm    .     b - +0 scale mail
rNeg   . . .     Faith    .     c - +0 shield
rPois  .         Spirit   +     (no helmet)
rElec  .         Dismiss  .     (no cloak)
rCorr  .         Reflect  .     (no gloves)
MR     .....     Harm     .     (no boots)
Stlth  ..........               (no amulet)
                                (no ring)
                                (no ring)

@: lethally poisoned (0 -> -3), slowed, very slow
A: fangs 2, regeneration 1, magic shield, antimagic bite, no device heal 3, rot
immunity
a: no special abilities


You were on level 2 of the Dungeon.
You were not hungry.

You visited 1 branch of the dungeon, and saw 2 of its levels.

You collected 29 gold pieces.

Inventory:

Hand Weapons
 a - a +0 flail (weapon)
Armour
 b - a +0 scale mail (worn)
 c - a +0 shield (worn)
Scrolls
 e - 2 scrolls of fear {unknown}
 j - 3 scrolls of enchant armour {unknown}
 k - a scroll of magic mapping {unknown}
 m - 3 scrolls of identify {unknown}
 n - a scroll of fog {unknown}
Potions
 d - a potion of might
 i - 3 potions of heal wounds {unknown}
 l - 2 potions of invisibility {unknown}
Comestibles
 f - a bread ration {@e1}
 g - a meat ration {@e2}
 h - a chunk of flesh {@w0}


   Skills:
 - Level 2.6 Fighting
 + Level 4.4 Maces & Flails
 - Level 2.4 Armour
 - Level 2.6 Shields


You had 3 spell levels left.
You didn't know any spells.

Dungeon Overview and Level Annotations

Branches:
Dungeon (2/15)

Altars:

Annotations:
D:2 Natasha


Innate Abilities, Weirdness & Mutations

You have extremely sharp teeth.
Your natural rate of healing is unusually fast.
When hurt, damage is shared between your health and your magic reserves.
Your bite disrupts and absorbs the magic of your enemies.
Potions and wands cannot restore your health.
You are immune to rotting.


Message History

The adder barely misses you. You block Natasha's attack.
The white imp hits you but does no damage.
The adder barely misses you. You block Natasha's attack.
The white imp gestures at you. The puff of frost hits you!
* * * LOW HITPOINT WARNING * * *
You take 6 damage, and have 2/23 hp.
MASSIVE DAMAGE!!
You now have 1/5 mp.
Your shield and scale mail prevent you from hitting Natasha.
Natasha is moderately wounded.
* * * LOW HITPOINT WARNING * * *
You feel sick.
The adder bites you but does no damage. x2
Natasha casts a spell.
The white imp gestures at you. You block the puff of frost.
Natasha claws you but does no damage. The adder bites you.
* * * LOW HITPOINT WARNING * * *
You take 1 damage, and have 1/23 hp.
You now have 0/5 mp.
You closely miss Natasha. You bite Natasha.
Natasha's magic leaks into the air.
You drain her magic.
You feel invigorated.
Natasha is moderately wounded.
You die...

.................ਜਜ
.................ਜ
..........ਜਜ...ਜ.ਜ
..........ਜਜਜਜ...ਜ
ਜਜਜਜਜਜ.ਜਜ..ਜ ਜ..ਜਜ
ਜ ਜ...ਜ..ਜਜ...ਜ
ਜਜਜ.ਜਜ....ਜ.ਜ
.ਜਜਜਜ..ਜ5ਜਜਜਜਜਜ ਜ
ਜ>..ਜ@.....ਜ.
ਜ..ਜਜhS......
ਜ..ਜ.w.5.....
...ਜ.........
..........
.ਜ.........
............ ..
..........
..............


You could see a worm, Natasha, an adder, a white imp and a shadow imp.

Vanquished Creatures
  Jessica (D:2)
  Natasha (D:2)
  2 adders (D:2)
  2 oozes
  A leopard gecko (D:1)
  2 bats (D:1)
  A giant cockroach (D:1)
  5 goblins
  5 hobgoblins
  4 jackals (D:1)
  A ball python (D:1)
  A frilled lizard (D:1)
  2 kobolds (D:1)
  4 rats
32 creatures vanquished.

Notes
Turn   | Place    | Note
-------+----------+-------------------------------------------
     0 | D:1      | Goblin1989 the Vine Stalker Fighter began the quest for the Orb.
     0 | D:1      | Reached XP level 1. HP: 11/11 MP: 2/2
    14 | D:1      | Reached skill level 2 in Maces & Flails
   112 | D:1      | Reached XP level 2. HP: 16/16 MP: 3/3
   333 | D:1      | Reached skill level 3 in Maces & Flails
   416 | D:1      | Reached XP level 3. HP: 19/19 MP: 4/4
   593 | D:2      | Noticed Natasha
   611 | D:2      | Killed Natasha
   611 | D:2      | Gained mutation: Your natural rate of healing is unusually fast. [Vine Stalker growth]
   611 | D:2      | Reached XP level 4. HP: 1/23 MP: 0/5
   675 | D:2      | Reached skill level 4 in Maces & Flails
   706 | D:2      | Noticed Jessica
   713 | D:2      | Killed Jessica
   773 | D:2      | Noticed Natasha
   783 | D:2      | HP: 1/23 [adder (1)]
   784 | D:2      | Succumbed to an adder's poison

Vault maps used:
D:1:      saegor_arrival_simple_c
D:2:      xom_butterflies, ecumenical_altar_1, uniq_natasha, uniq_jessica

Skill      XL: |  1  2  3  4 |
---------------+-------------+-----
Maces & Flails | 2 3 4 |  4.4
Fighting       | |  2.6
Armour         | |  2.4
Shields        | |  2.6

Action                   |  1- 3 |  4- 6 || total
-------------------------+-------+-------++-------
Melee: Flail             |    76 |    31 ||   107
       Bite              |    14 |     7 ||    21
Armor: Scale mail        |    36 |    12 ||    48
Dodge: Dodged            |    31 |    14 ||    45
Block: Shield            |    33 |    17 ||    50

Vault maps used:
D:1:      saegor_arrival_simple_c
D:2:      xom_butterflies, ecumenical_altar_1, uniq_natasha, uniq_jessica
